 Dungeon Sprint DCSS version 0.27.1-1-g398f81649c (webtiles) character file.

Game seed: 10720555099724540510

1800000 ytrimaz the Intangible (level 18, -14/188 HPs)
             Began as a Demigod Gladiator on Sept 5, 2021.
             Demolished by a bag of meat (42 damage)
             ... in the Dungeon (Sprint VIII: "Arena of Blood").
             The game lasted 00:00:46 (18 turns).

ytrimaz the Intangible (Demigod Gladiator)            Turns: 18, Time: 00:00:47

Health: -14/188    AC:  5    Str: 39    XL:     18   Next: 33%
Magic:  21/21      EV: 27    Int: 10    God:
Gold:   0          SH:  0    Dex: 15    Spells: 17/17 levels left

rFire    . . .     SeeInvis .   j - +∞ Axe of Woe
rCold    . . .     Faith    .   (shield currently unavailable)
rNeg     . . .     Spirit   .   a - +0 leather armour
rPois    .         Reflect  .   b - +0 helmet
rElec    .         Harm     .   (no cloak)
rCorr    .         Rampage  .   (no gloves)
Will     +....     NoTele   +   (no boots)
Stlth    +.........             (no amulet)
HPRegen  0.41/turn              (no ring)
MPRegen  0.17/turn              (no ring)

@: no status effects
A: high mp 1, forlorn
a: no special abilities


You were in the Dungeon.
You visited 1 branch

Inventory:

Hand Weapons
 j - the +∞ Axe of Woe (weapon)
   (You found it in the Dungeon)
Missiles
 c - 3 throwing nets (quivered)
Armour
 a - a +0 leather armour (worn)
 b - a +0 helmet (worn)
Scrolls
 i - a scroll of blinking
Potions
 d - a potion of curing
 e - a potion of heal wounds
 f - a potion of haste
 g - 2 potions of magic
 h - a potion of berserk rage


   Skills:
 + Level 23.3 Fighting
 O Level 27 Axes
 + Level 22.6 Throwing
 + Level 7.9 Armour
 O Level 27 Dodging
 O Level 27 Unarmed Combat


You had 17 spell levels left.
You didn't know any spells.
Your spell library was empty.

Dungeon Overview and Level Annotations

Branches:
Dungeon (1/1)


Innate Abilities, Weirdness & Mutations

Your attributes grow dramatically as you level up.
You have an increased reservoir of magic. (+10% MP)
You shall have no god before yourself.


Message History

a +9 war axe; a +30 ring of slaying You slice the bag of meat like a ripe choko!!!
You pulverise the bag of meat into a thin bloody mist.
You kill the bag of meat!
You hit the bag of meat.
You cleave the bag of meat in twain.
You kill the bag of meat!
You slice the bag of meat like a ripe choko!!!
You chop the bag of meat into pieces.
You kill the bag of meat!
You hear a shout! x7; You hear two shouts!
Your Fighting skill gained 2 levels and is now at level 23!
You have mastered Axes!
Your Throwing skill increases to level 22!
Your Armour skill increases to level 7!
You have reached level 18!
Your experience leads to a dramatic increase in your attributes!
Increase (S)trength, (I)ntelligence, or (D)exterity?
You feel stronger. x4
Unknown command.
Unknown command.
You hear a shout! x12
You hear a shout! x7
A bag of meat comes into view. It is wielding a +9 war axe.
The destroyer appears out of thin air!
A destroyer comes into view. It is wielding a +9 vorpal great sword.
The bag of meat shouts!
The destroyer shouts!
You hear a shout! x6
A meat berserker comes into view. It is wielding a +9 battleaxe.
You hear a shout! x2
A bag of meat comes into view. It is wielding a +9 war axe.
You hear a shout!
The large bag of meat appears out of thin air!
A large bag of meat comes into view. It is wielding a +9 giant spiked club.
The bag of meat shouts!
The large bag of meat shouts in stereo!
You hear a shout! x4
A meat berserker comes into view. It is wielding a +9 battleaxe.
You hear a shout! x2
A bag of meat comes into view. It is wielding a +9 war axe. x2
You hear a shout! x2
The bag of meat hits you with a +9 war axe!!!
You die...

..... ....oo... O
.... #.......# o.#...
#.......# .
..o...###.......###..
...........###......
...#........_.....
.#.......#.....#
..O....@.#_.<._# .
.#....ooo#))o..#....
...#.....ooo_........
........O)o###.......
...O..###)).....###..
...... #o......# .
...... #.......#
....V. .......... .#.
...........


You could see a destroyer, a large bag of meat (inner flame), 3 meat berserkers
and 11 bags of meat.

Vanquished Creatures
  6 ogres (D)
  8 orcs (D)
14 creatures vanquished.

Notes
Turn   | Place    | Note
-------+----------+-------------------------------------------
     0 | D        | Found the +∞ Axe of Woe
     0 | D        | ytrimaz the Demigod Gladiator began the quest for the Orb.
     0 | D        | Reached XP level 1. HP: 17/17 MP: 3/3
     2 | D        | Noticed a meat berserker
     2 | D        | Noticed a bag of meat
     4 | D        | Noticed a bag of meat
     5 | D        | Noticed a meat berserker
     5 | D        | Noticed a bag of meat
     5 | D        | Noticed a meat berserker
     6 | D        | Killed a meat berserker
     7 | D        | Reached skill level 10 in Throwing
     7 | D        | Reached XP level 2. HP: 40/40 MP: 4/4
     7 | D        | Reached XP level 3. HP: 47/47 MP: 5/5
     7 | D        | Reached XP level 4. HP: 55/55 MP: 6/6
     7 | D        | Reached XP level 5. HP: 61/61 MP: 7/7
     7 | D        | Reached XP level 6. HP: 68/68 MP: 8/8
     7 | D        | Reached XP level 7. HP: 74/74 MP: 9/9
     7 | D        | Reached XP level 8. HP: 82/82 MP: 10/10
     7 | D        | Reached XP level 9. HP: 89/89 MP: 11/11
     7 | D        | Reached XP level 10. HP: 96/96 MP: 13/13
     7 | D        | Reached XP level 11. HP: 102/102 MP: 14/14
     7 | D        | Reached XP level 12. HP: 110/110 MP: 15/15
     7 | D        | Noticed a meat berserker
     7 | D        | Noticed a bag of meat
     7 | D        | Noticed a meat berserker
     8 | D        | Killed a meat berserker
     8 | D        | Noticed a bag of meat
     8 | D        | Noticed a bag of meat
     9 | D        | Reached skill level 1 in Armour
     9 | D        | Reached XP level 13. HP: 88/122 MP: 16/16
     9 | D        | Killed a meat berserker
     9 | D        | Noticed a meat berserker
     9 | D        | Noticed a bag of meat
     9 | D        | Noticed a bag of meat
     9 | D        | Noticed a bag of meat
    10 | D        | Reached XP level 14. HP: 63/133 MP: 17/17
    10 | D        | Killed a meat berserker
    10 | D        | Killed a meat berserker
    11 | D        | Reached skill level 27 in Dodging
    11 | D        | Reached XP level 15. HP: 34/146 MP: 18/18
    11 | D        | Reached XP level 16. HP: 36/154 MP: 19/19
    12 | D        | Reached skill level 5 in Armour
    12 | D        | Reached skill level 27 in Unarmed Combat
    12 | D        | Reached XP level 17. HP: 41/170 MP: 20/20
    12 | D        | Killed a meat berserker
    13 | D        | Noticed a meat berserker
    15 | D        | Reached skill level 27 in Axes
    15 | D        | Reached XP level 18. HP: 27/188 MP: 21/21
    17 | D        | Noticed a destroyer
    17 | D        | Noticed a meat berserker
    18 | D        | Noticed a large bag of meat
    18 | D        | Noticed a meat berserker
    18 | D        | Demolished by a bag of meat

Illustrated notes

Levels and vault maps discovered:
D:        meatsprint

Skill      XL: |  1  2  3  4  5  6  7  8  9 10 11 12 13 14 15 16 17 |
---------------+----------------------------------------------------+-----
Fighting       | 11 13 14 16 20 23 | 23.3
Axes           | 4 6 9 14 21 27 | 27.0
Throwing       | 10 12 13 16 19 22 | 22.6
Dodging        | 18 21 23 27 | 27.0
Unarmed Combat | 18 20 22 26 27 | 27.0
Armour         | 1 2 5 7 |  7.9

Action                   |  1- 3 |  4- 6 |  7- 9 | 10-12 | 13-15 | 16-18 || total
-------------------------+-------+-------+-------+-------+-------+-------++-------
Melee: Executioner's axe |     1 |       |       |     1 |     2 |     3 ||     7
Dodge: Dodged            |     1 |       |       |       |     1 |       ||     2
